 Dungeon Crawl Stone Soup version 0.26.1-11-gd32895ea62 (webtiles) character file.

Game seed: 12665159561714243185

79816 Zeld the Thrower (level 15, -3/156 HPs)
             Began as a Troll Hunter on Sept 8, 2021.
             Was a Priest of Yredelemnul.
             Killed from afar by an oklob plant (11 damage)
             ... with a splash of acid
             ... on level 1 of the Lair of Beasts.
             The game lasted 01:18:46 (43688 turns).

Zeld the Thrower (Troll Hunter)                    Turns: 43688, Time: 01:18:47

Health: -3/156     AC: -5    Str: 29    XL:     15   Next: 22%
Magic:  14/14      EV: 13    Int:  7    God:    Yredelemnul [***...]
Gold:   43         SH:  5    Dex: 10    Spells: 14/14 levels left

rFire    . . .     SeeInvis .   a - +5 giant spiked club
rCold    . . .     Faith    .   (shield currently unavailable)
rNeg     . . .     Spirit   .   R - +0 troll leather armour
rPois    +         Reflect  +   q - +2 hat
rElec    .         Harm     .   E - +2 cloak
rCorr    .         Rampage  .   (gloves unavailable)
Will     +....                  (boots unavailable)
Stlth    +.........             y - amulet of reflection
HPRegen  1.16/turn              s - ring of flight
MPRegen  0.14/turn              w - ring of poison resistance

@: corroded
A: large, unfitting armour, claws 3, regeneration 1, shaggy fur 1, tough skin 3
a: Renounce Religion, Evoke Flight, Recall Undead Slaves, Injury Mirror, Animate
Dead


You were on level 1 of the Lair of Beasts.
You worshipped Yredelemnul.
Yredelemnul was most pleased with you.
You visited 4 branches of the dungeon, and saw 19 of its levels.
You visited the Abyss 1 time.

You collected 1921 gold pieces.
You spent 1878 gold pieces at shops.

Inventory:

Hand Weapons
 a - a +5 giant spiked club (weapon)
Missiles
 k - 8 silver javelins
 t - 21 javelins
 O - 29 large rocks (quivered)
Armour
 q - a +2 hat (worn)
 E - a +2 cloak (worn)
 R - a +0 troll leather armour (worn)
Jewellery
 s - a ring of flight (left claw)
 w - a ring of poison resistance (right claw)
 y - an amulet of reflection (around neck)
Wands
 c - a wand of disintegration (19)
 d - a wand of enslavement (6)
 j - a wand of polymorph (11)
 m - a wand of acid (10)
 H - a wand of digging (4)
 J - a wand of paralysis (18)
 M - a wand of flame (60)
Scrolls
 e - 11 scrolls of teleportation
 f - 11 scrolls of remove curse
 i - 3 scrolls of enchant armour
 o - 4 scrolls of identify
 r - 2 scrolls of magic mapping
 u - 2 scrolls of summoning
 v - a scroll of enchant weapon
 S - a scroll of fear
Potions
 b - 2 potions of magic
 g - a potion of resistance
 l - 3 potions of flight
 n - 5 potions of brilliance
 p - 4 potions of might
 x - 3 potions of haste
 z - 2 potions of invisibility
 D - 4 potions of degeneration {unknown}
 G - 11 potions of curing {unknown}
 K - 2 potions of ambrosia {unknown}
 N - 3 potions of cancellation {unknown}
Miscellaneous
 h - a lightning rod (inert)
 Q - a box of beasts


   Skills:
 * Level 11.9 Fighting
 * Level 11.7 Maces & Flails
 * Level 13.3 Throwing
 + Level 8.4 Armour
 + Level 8.7 Dodging
 - Level 0.3 Stealth


You had 14 spell levels left.
You didn't know any spells.
Your spell library contained the following spells:

 Spells                   Type           Power        Failure   Level
 Animate Skeleton         Necr           0%           45%         1
 Apportation              Tloc           0%           45%         1
 Beastly Appendage        Tmut           0%           45%         1
 Corona                   Hex            0%           45%         1
 Magic Dart               Conj           0%           45%         1
 Pain                     Necr           0%           45%         1
 Summon Small Mammal      Summ           0%           45%         1
 Blink                    Tloc           N/A          61%         2
 Call Imp                 Summ           0%           61%         2
 Slow                     Hex            0%           61%         2
 Wereblood                Tmut           0%           61%         2
 Conjure Flame            Conj/Fire      0%           83%         3
 Inner Flame              Hex/Fire       0%           83%         3
 Mephitic Cloud           Conj/Pois/Air  0%           83%         3
 Portal Projectile        Hex/Tloc       0%           83%         3
 Spider Form              Tmut/Pois      0%           83%         3
 Vampiric Draining        Necr           0%           83%         3
 Animate Dead             Necr           0%           99%         4
 Cause Fear               Hex            0%           99%         4
 Ice Form                 Ice/Tmut       0%           99%         4
 Leda's Liquefaction      Hex/Erth       0%           99%         4
 Petrify                  Tmut/Erth      0%           99%         4
 Agony                    Necr           0%           100%        5
 Blade Hands              Tmut           0%           100%        5
 Silence                  Hex/Air        0%           100%        5
 Yara's Violent Unravell  Hex/Tmut       0%           100%        5
 Discord                  Hex            0%           100%        8


Dungeon Overview and Level Annotations

Branches:
Dungeon (15/15)            Temple (1/1) D:4            Lair (1/6) D:11
    Orc (2/2) D:11            Elf (0/3) Orc:2        Vaults (0/5) D:13
 Depths (0/5) D:15

Altars:
Ashenzari
Cheibriados
Dithmenos
Elyvilon
Fedhas
Gozag
Hepliaklqana
Kikubaaqudgha
Makhleb
Nemelex Xobeh
Okawaru
Qazlal
Ru
Sif Muna
Trog
Uskayaw
Vehumet
Wu Jian
Xom
Yredelemnul
Zin
The Shining One
Beogh

Shops:
D:7 :   D:10 ?   D:15 [   Orc:2 *[?*

Portals:
Trove: D:10 (give 11 potions of heal wounds)

Annotations:
Lair:1 exclusion: oklob plant


Innate Abilities, Weirdness & Mutations

You are too large for most types of armour.
You have claws for hands.
Your natural rate of healing is unusually fast.
You are covered in fur. (AC +1)
You have extremely tough skin. (AC +3)


Message History

* * * LOW HITPOINT WARNING * * *
Unknown command.
The oklob plant spits acid at you. The splash of acid hits you!
* * * LOW HITPOINT WARNING * * *
You are splashed with acid!
* * * LOW HITPOINT WARNING * * *
You see here 16 gold pieces.
Unknown command.
You puncture the oklob plant!
The oklob plant is lightly damaged.
The oklob plant spits acid at you. The splash of acid hits you!
* * * LOW HITPOINT WARNING * * *
The acid corrodes you!
You are splashed with acid!
* * * LOW HITPOINT WARNING * * *
The oklob plant spits acid at you. The splash of acid hits you!
You die...
Your body rises from the dead as a mindless zombie.

#P#.........##...#.#
###...##..^....##.#
#P!.(..##.#######.#
#.......##.# #..
##PP...#..## #.#
#.$$/.##.# .#
#:.)$.# ... #.....#
#P. #$$@.$# ##
#[P$$.# #######


You could see an oklob plant.

Vanquished Creatures
  Frances (D:14)
  2 orc warlords (Orc:1)
  2 ogre magi
  A great orb of eyes (D:13)
  4 boulder beetles
  A catoblepas (D:12)
  4 hydras
  The ghost of 2021koboldassassin the Slicer, a journeyman KoBr (D:10)
  2 centaur warriors
  13 two-headed ogres
  A tengu warrior (D:15)
  4 orc high priests
  6 thrashing horrors (Abyss:2)
  4 hell knights (D:13)
  A sixfirhy (Abyss:2)
  A spatial maelstrom (Abyss:2)
  2 unseen horrors
  5 wizards
  5 orc knights
  3 necromancers
  5 orc sorcerers (Orc:2)
  3 oklob plants (Lair:1)
  2 deep elf magi
  8 ugly things
  5 cyclopes
  3 manticores
  2 rust devils (D:13)
  A smoke demon (Abyss:2)
  An orange demon (D:13)
  2 komodo dragons
  A cane toad (Lair:1)
  A demonic crawler (Abyss:2)
  An ancient zyme (Abyss:2)
  5 kobold demonologists
  A tengu conjurer (D:14)
  9 trolls
  A jumping spider (shapeshifter) (D:13)
  A large abomination (Abyss:2)
  Prince Ribbit (D:6)
  5 slime creatures
  A small abomination (Abyss:2)
  Sigmund (D:3)
  A vampire (D:14)
  10 yaks
  2 wyverns
  A shadow (D:9)
  6 wraiths
  Eustachio (D:2)
  A basilisk (Lair:1)
  A chaos spawn (Abyss:2)
  7 wargs
  A harpy simulacrum (D:15)
  3 water moccasins (Lair:1)
  A soldier ant (D:10)
  5 hell hounds (D:13)
  2 acid dragons
  48 orc warriors
  5 sky beasts
  A black bear (Lair:1)
  An eye of draining (D:15)
  2 phantoms
  A necrophage (D:6)
  3 centaurs
  20 ogres
  6 big kobolds
  8 bullfrogs
  A gnoll sergeant (D:9)
  5 scorpions
  17 wights
  5 howler monkeys
  3 centaur zombies
  A quasit (D:8)
  10 jellies
  6 hounds
  2 bullfrog zombies (D:12)
  37 orc priests
  9 centaur skeletons
  33 orc wizards
  Crazy Yiuf (D:6)
  A bullfrog skeleton (D:11)
  A gnoll shaman (D:4)
  2 iron imps (Abyss:2)
  4 iguanas
  13 worker ants
  A hound skeleton (D:8)
  A worker ant zombie (D:6)
  12 gnolls
  12 adders
  A white imp (D:9)
  An ooze (D:5)
  6 ufetubi
  An adder skeleton (D:8)
  2 adder zombies (D:9)
  4 worms (D:2)
  A dart slug (D:5)
  105 orcs
  8 giant cockroaches
  9 goblins
  7 hobgoblins
  9 jackals
  20 kobolds
  4 quokkas
  2 ball pythons
  2 bats
  5 frilled lizards
  A quokka zombie (D:5)
  5 rats
630 creatures vanquished.

Vanquished Creatures (collateral kills)
  A skeletal warrior (D:13)
  2 orc knights
  A deep elf mage (D:15)
  3 centaur skeletons
  2 trolls
  5 slime creatures (D:10)
  2 yaks (D:8)
  A hell hound (D:13)
  A black bear (D:12)
  An ice beast (D:5)
  A sky beast (D:12)
  An eye of draining (D:13)
  5 orc warriors
  A centaur (D:13)
  2 ogres
  4 bullfrogs
  2 big kobolds
  A wight (D:14)
  2 howler monkeys (D:13)
  A hound (D:11)
  A jelly (D:8)
  7 orc priests
  3 orc wizards
  An iguana (D:10)
  A gnoll (D:10)
  A white imp (D:8)
  A leopard gecko (D:5)
  14 orcs
  8 kobolds
  A quokka (D:12)
77 creatures vanquished.

Vanquished Creatures (others)
  A skeletal warrior (D:15)
  2 flayed ghosts
  14 flying skulls
  2 wraiths (D:13)
  A vampire (D:13)
  A wight (Orc:2)
  An orc priest (Orc:2)
  An orc wizard (Orc:2)
  A hydra zombie (D:10)
  A bullfrog zombie (D:11)
  A manticore zombie (D:12)
  2 warg zombies
  A warg skeleton (Orc:2)
  3 ogre zombies
  A sky beast zombie (D:10)
  An adder zombie (D:10)
  3 gnoll zombies
  A goblin zombie (D:9)
  A hound zombie (D:11)
  A howler monkey zombie (D:6)
  An iguana zombie (D:10)
  A jackal zombie (D:7)
  A kobold zombie (D:11)
  7 orc skeletons
  57 orc zombies
  A quokka zombie (D:11)
  2 worker ant zombies
  2 yak zombies (D:8)
  A fungus (Lair:1)
  6 plants (Lair:1)
  A withered plant (D:2)
120 creatures vanquished.

Grand Total: 827 creatures vanquished

Notes
Turn   | Place    | Note
-------+----------+-------------------------------------------
     0 | D:1      | Zeld the Troll Hunter began the quest for the Orb.
     0 | D:1      | Reached XP level 1. HP: 19/19 MP: 0/0
   190 | D:1      | Reached XP level 2. HP: 28/28 MP: 1/1
   640 | D:2      | Found a basalt altar of Yredelemnul.
   652 | D:2      | Reached XP level 3. HP: 26/35 MP: 2/2
   706 | D:2      | Became a worshipper of Yredelemnul the Dark
   904 | D:2      | Reached skill level 4 in Throwing
  1045 | D:2      | Reached skill level 1 in Armour
  1049 | D:2      | Found a stormy altar of Qazlal.
  1357 | D:2      | Reached XP level 4. HP: 25/44 MP: 3/3
  1912 | D:3      | Found a glowing golden altar of the Shining One.
  2138 | D:3      | Noticed Sigmund
  2183 | D:3      | Killed Sigmund
  2184 | D:3      | Reached XP level 5. HP: 33/53 MP: 4/4
  2453 | D:4      | Reached XP level 6. HP: 57/61 MP: 5/5
  2504 | D:4      | Noticed Eustachio
  2983 | D:4      | Reached skill level 5 in Throwing
  3458 | D:2      | Killed Eustachio
  3664 | D:4      | Found a staircase to the Ecumenical Temple.
  3673 | D:4      | Reached XP level 7. HP: 44/68 MP: 6/6
  3675 | Temple   | Entered the Ecumenical Temple
  4559 | D:5      | Entered Level 5 of the Dungeon
  4625 | D:5      | Reached * piety under Yredelemnul
  5206 | D:5      | Reached skill level 6 in Throwing
  5520 | D:5      | Reached XP level 8. HP: 76/79 MP: 4/7
  5891 | D:5      | Found an opulent altar of Gozag.
  6927 | D:6      | Reached skill level 5 in Fighting
  7015 | D:6      | Noticed Prince Ribbit
  7032 | D:6      | Killed Prince Ribbit
  7106 | D:6      | Found a runed translucent door.
  7107 | D:6      | Noticed Crazy Yiuf
  7427 | D:6      | Found a sparkling altar of Nemelex Xobeh.
  7427 | D:6      | Found a broken altar of Ashenzari.
  7559 | D:6      | Killed Crazy Yiuf
  8050 | D:7      | Reached skill level 1 in Maces & Flails
  8205 | D:7      | You fall into a shaft and drop 3 floors!
  8205 | D:10     | Entered Level 10 of the Dungeon
  8367 | D:9      | HP: 4/81 [bullfrog (6)]
  8369 | D:9      | HP: 1/81 [centaur (4)]
  8371 | D:9      | Reached skill level 7 in Throwing
  8648 | D:9      | Found an ancient bone altar of Kikubaaqudgha.
  8650 | D:9      | Noticed a troll
  9509 | D:9      | Found a shadowy altar of Dithmenos.
  9543 | D:8      | Reached XP level 9. HP: 74/89 MP: 8/8
  9932 | D:8      | Reached ** piety under Yredelemnul
 11116 | D:7      | Found Fercheuf's Book Boutique.
 11503 | D:8      | Found a shadowy altar of Dithmenos.
 11633 | D:8      | Found a hazy altar of Hepliaklqana.
 12490 | D:8      | Reached skill level 8 in Throwing
 12687 | D:8      | Killed a troll
 13209 | D:9      | Noticed a troll
 13508 | D:8      | Reached XP level 10. HP: 90/100 MP: 9/9
 13602 | D:9      | Found a snail-covered altar of Cheibriados.
 14557 | D:9      | Found a shimmering blue altar of Sif Muna.
 15449 | D:9      | Identified Sif Muna's Collected Works on the Mountains
 17188 | D:9      | Found a bloodstained altar of Trog.
 17547 | D:10     | Found a runed translucent door.
 17549 | D:10     | Noticed 2021koboldassassin's ghost (journeyman KoBr)
 17624 | D:10     | Noticed a four-headed hydra
 17634 | D:10     | Killed a four-headed hydra
 17635 | D:10     | Reached skill level 5 in Dodging
 18079 | D:10     | Reached skill level 5 in Maces & Flails
 18523 | D:10     | Found a portal to a secret trove of treasure.
 18646 | D:10     | Found Oruimaut's Magic Scroll Shop.
 18654 | D:10     | Bought a scroll of magic mapping for 42 gold pieces
 18654 | D:10     | Bought a scroll of enchant weapon for 90 gold pieces
 18654 | D:10     | Bought a scroll of identify for 24 gold pieces
 18654 | D:10     | Bought a scroll of identify for 24 gold pieces
 18654 | D:10     | Bought a scroll of remove curse for 36 gold pieces
 18654 | D:10     | Bought a scroll of remove curse for 36 gold pieces
 18654 | D:10     | Bought a scroll of enchant armour for 90 gold pieces
 18654 | D:10     | Bought a scroll of identify for 24 gold pieces
 18654 | D:10     | Bought 2 scrolls of teleportation for 72 gold pieces
 18654 | D:10     | Bought a scroll of enchant weapon for 90 gold pieces
 18859 | D:11     | Noticed a brown ugly thing
 18875 | D:10     | Killed a brown ugly thing
 19558 | D:11     | Found a staircase to the Orcish Mines.
 19801 | D:9      | Reached skill level 5 in Armour
 19811 | D:9      | Reached skill level 9 in Throwing
 21003 | D:11     | Found a staircase to the Lair.
 21056 | D:11     | Reached XP level 11. HP: 89/111 MP: 10/10
 21170 | D:11     | Killed an unseen horror
 21335 | D:11     | Noticed a boulder beetle
 21348 | D:11     | Killed a boulder beetle
 21540 | D:11     | Reached *** piety under Yredelemnul
 21906 | Orc:1    | Entered Level 1 of the Orcish Mines
 23010 | Orc:2    | Entered Level 2 of the Orcish Mines
 23010 | Orc:2    | Noticed a two-headed ogre
 23737 | D:11     | Killed a two-headed ogre
 23797 | D:11     | Found a staircase to the Lair.
 23813 | D:11     | Found a staircase to the Orcish Mines.
 24107 | Orc:2    | Noticed a two-headed ogre
 24114 | Orc:2    | Noticed a two-headed ogre
 24115 | Orc:2    | Killed a two-headed ogre
 24176 | Orc:1    | Reached skill level 10 in Throwing
 24379 | D:11     | Killed a two-headed ogre
 24493 | D:11     | Found a staircase to the Lair.
 24509 | D:11     | Found a staircase to the Orcish Mines.
 24884 | Orc:1    | Noticed an orc warlord
 24885 | Orc:1    | Noticed an orc sorcerer
 25159 | Orc:2    | Noticed a sixfirhy
 25164 | Orc:2    | HP: 5/113 [sixfirhy[an orc warlord] (10)]
 25383 | Orc:1    | Killed an orc warlord
 25732 | Orc:2    | Killed an orc sorcerer
 25733 | Orc:2    | Reached XP level 12. HP: 122/122 MP: 11/11
 26173 | Orc:2    | Found a roughly hewn altar of Beogh.
 26924 | Orc:2    | Noticed a two-headed ogre
 26930 | Orc:2    | Killed a two-headed ogre
 27510 | Orc:1    | Found a roughly hewn altar of Beogh.
 27841 | Orc:2    | Reached **** piety under Yredelemnul
 28011 | Orc:2    | Found a staircase to the Elven Halls.
 28594 | Orc:2    | Received a gift from Yredelemnul (5 flying skulls)
 28599 | Orc:2    | Noticed an orc warlord
 28602 | Orc:2    | Found a roughly hewn altar of Beogh.
 28791 | Orc:1    | Killed an orc warlord
 29001 | Orc:2    | Reached skill level 11 in Throwing
 29023 | Orc:2    | Noticed an orc high priest
 29154 | Orc:2    | Found Asheh's Assorted Antiques.
 29385 | Orc:2    | Bought a scroll of enchant weapon for 255 gold pieces
 29385 | Orc:2    | Bought a scroll of enchant weapon for 255 gold pieces
 29385 | Orc:2    | Bought a bubbling white potion for 30 gold pieces
 29385 | Orc:2    | Bought a scroll of identify for 68 gold pieces
 29385 | Orc:2    | Bought a scroll of identify for 68 gold pieces
 29467 | Orc:2    | Found Refel's Armour Shoppe.
 29594 | Orc:2    | Found Farelemn's Magic Scroll Shop.
 29594 | Orc:2    | Noticed an orc high priest
 30245 | Orc:2    | Killed an orc high priest
 30468 | Orc:2    | Received a gift from Yredelemnul (a wight)
 30825 | Orc:1    | Killed an orc high priest
 30913 | Orc:2    | Bought a scroll of identify for 28 gold pieces
 30961 | Orc:2    | Found Symmekhe's General Store.
 30962 | Orc:2    | Noticed an orc high priest
 31401 | Orc:2    | Killed an orc high priest
 31402 | Orc:2    | Reached skill level 10 in Fighting
 31402 | Orc:2    | Reached XP level 13. HP: 107/133 MP: 12/12
 32812 | D:10     | Killed 2021koboldassassin's ghost
 32874 | D:12     | Received a gift from Yredelemnul (3 flying skulls)
 33198 | D:12     | Received a gift from Yredelemnul (2 flying skulls)
 33444 | D:12     | Reached ***** piety under Yredelemnul
 33991 | D:13     | Received a gift from Yredelemnul (a wraith)
 34158 | D:13     | Found a stormy altar of Qazlal.
 35358 | D:13     | Reached skill level 10 in Maces & Flails
 36034 | D:13     | Reached skill level 12 in Throwing
 36115 | D:13     | Paralysed by an ogre mage for 4 turns
 36119 | D:13     | Received a gift from Yredelemnul (a vampire)
 36370 | D:13     | Found a gate to the Vaults.
 36768 | D:13     | Received a gift from Yredelemnul (a wraith)
 37075 | D:13     | Reached XP level 14. HP: 128/144 MP: 13/13
 37134 | D:13     | Found a runed translucent door.
 37901 | D:13     | Received a gift from Yredelemnul (a vampire)
 39218 | D:14     | Received a gift from Yredelemnul (4 flying skulls)
 39478 | D:14     | Noticed Frances
 39499 | D:14     | Killed Frances
 40107 | D:15     | Entered Level 15 of the Dungeon
 40623 | D:15     | Cast into level 2 of the Abyss (a wizard)
 40882 | Abyss:2  | Noticed a starcursed mass
 40887 | Abyss:2  | Found a corrupted altar of Lugonu.
 40969 | Abyss:2  | Noticed a deep elf elementalist
 41261 | D:15     | Escaped the Abyss
 41441 | D:15     | Found a staircase to the Depths.
 41542 | D:15     | Reached skill level 13 in Throwing
 41549 | D:15     | Received a gift from Yredelemnul (a skeletal warrior)
 41822 | D:15     | Received a gift from Yredelemnul (a flayed ghost)
 41831 | D:15     | Reached XP level 15. HP: 145/156 MP: 14/14
 42310 | D:15     | Received a gift from Yredelemnul (a flayed ghost)
 42607 | D:15     | Found Penefank's Antique Armour Boutique.
 42799 | Orc:2    | Bought a scroll of identify for 28 gold pieces
 42799 | Orc:2    | Bought a scroll of summoning for 133 gold pieces
 42799 | Orc:2    | Bought a scroll of enchant armour for 105 gold pieces
 42799 | Orc:2    | Bought a scroll of summoning for 133 gold pieces
 42799 | Orc:2    | Bought a scroll of remove curse for 42 gold pieces
 42799 | Orc:2    | Bought a scroll of enchant weapon for 105 gold pieces
 42893 | Orc:2    | Bought a bubbling white potion for 30 gold pieces
 42952 | Orc:2    | Bought a scroll of identify for 28 gold pieces
 42952 | Orc:2    | Bought a scroll of teleportation for 42 gold pieces
 43147 | Lair:1   | Entered Level 1 of the Lair of Beasts
 43688 | Lair:1   | Killed from afar by an oklob plant

Illustrated notes

Levels and vault maps discovered:
D:1:      dpeg_arrival_arbitrary_a, layout_rooms
D:2:      layout_loops_ring, yredelemnul_altar_generic,
          nicolae_qazlal_general_emergency
D:3:      layout_loops_ring, nicolae_tso_carved_into_rock, uniq_sigmund
D:4:      layout_gridville, minmay_temple_entry_proselytizer, uniq_eustachio
D:5:      layout_basic, marbit_many_paths
D:6:      layout_rooms, gammafunk_temple_overflow_elements,
          uniq_crazy_yiuf_cottage, uniq_prince_ribbit1
D:7:      layout_basic, serial_shops, shop
D:8:      layout_basic, nzn_hepliaklqana_mist_gate,
          grunt_dithmenos_smoke_and_mirrors
D:9:      layout_stronghold, nzn_overflow_gifts_of_might_and_magic,
          overflow_temple_1_default, old_standard_altar,
          overflow_temple_1_default, enter_bailey_5
D:10:     layout_layer_cave, ebering_ghost_reflecting_pool, serial_shops,
          nicolae_shop_crystal, nicolae_trove_entry_crystal
D:11:     layout_cave_pools, erik_lair_orcish_takeover, david_orc_3
D:12:     layout_loops_cross, feat_on_display
D:13:     mludivico_vault, layout_layer_cave,
          hangedman_vaults_entry_quadrant_bands, minmay_ruined_shrine
D:14:     layout_basic, uniq_frances
D:15:     grunt_enter_depths_magical_seal, layout_basic, serial_shops, shop
Temple:   cyrus_temple_forest
Lair:1:   layout_loops_ring, minmay_lair_oklob_chamber, grunt_megastairs_3,
          uniq_harold, uniq_erica
Orc:1:    layout_caves, minmay_orc_temple_a
Orc:2:    pubby_orc_utopia

Skill      XL: |  1  2  3  4  5  6  7  8  9 10 11 12 13 14 |
---------------+-------------------------------------------+-----
Fighting       | 2 3 4 5 6 7 8 10 11 | 11.9
Throwing       | 4 5 6 7 8 9 10 11 12 13 | 13.3
Dodging        | 2 3 4 5 6 7 8 |  8.7
Armour         | 1 2 3 4 5 6 7 8 |  8.4
Maces & Flails | 2 4 6 7 9 10 11 | 11.7
Stealth        | |  0.3

Action                   |  1- 3 |  4- 6 |  7- 9 | 10-12 | 13-15 || total
-------------------------+-------+-------+-------+-------+-------++-------
Melee: Unarmed           |   151 |   170 |   577 |   272 |       ||  1170
       Giant club        |       |       |    10 |       |       ||    10
       Giant spiked club |       |       |       |   696 |   872 ||  1568
Throw: Large rock        |       |    10 |     8 |    19 |       ||    37
       Javelin           |       |       |     2 |     3 |       ||     5
       Throwing net      |       |       |     2 |       |       ||     2
Invok: Animate Remains   |       |       |    20 |    47 |       ||    67
       Injury Mirror     |       |       |     2 |     5 |     6 ||    13
       Recall Undead Sla |       |       |       |     3 |       ||     3
       Animate Dead      |       |       |       |    12 |     4 ||    16
 Abil: Evoke Flight      |       |       |       |       |     3 ||     3
Evoke: Wand              |       |       |       |    17 |       ||    17
       Box of beasts     |       |       |       |     2 |       ||     2
       Lightning rod     |       |       |       |       |     4 ||     4
  Use: Scroll            |       |       |       |    31 |    14 ||    45
       Potion            |       |       |       |       |     3 ||     3
 Stab: Sleeping          |       |       |     1 |       |       ||     1
       Distracted        |       |       |       |     3 |     2 ||     5
       Petrified         |       |       |       |       |     3 ||     3
       Confused          |       |       |       |       |     1 ||     1
Armor: Robe              |    41 |   103 |   250 |   118 |       ||   512
       Troll leather arm |       |       |       |   518 |   518 ||  1036
Dodge: Dodged            |    74 |   153 |   398 |   885 |   652 ||  2162
Block: Other             |       |       |       |   232 |   251 ||   483
       Reflection        |       |       |       |    15 |     6 ||    21
